Map: Cradle of Death

Players

HahaTTpro

  • Race: Protoss Protoss
  • Spawn Location: 0:00

Celsoelperro

  • Race: Protoss Protoss
  • Spawn Location: 0:00

VOD

Have the link to the VOD?

Description

Time

  • Played on: July 7, 2023, 10:44 p.m.
  • Length: 19:46
Show
View Real Time Build Order
Export as new Build Order

HahaTTpro Protoss 

Build Orders:  

Get SALT Encoding   

  12  0:11  Unknown  
  12  0:16  Probe (Chrono Boost)  
  13  0:28  Probe (Chrono Boost)  
  14  0:54  Probe (Chrono Boost)  
  15  1:07  Pylon  
  15  1:12  Pylon  
  15  1:17  Assimilator  
  15  1:24  Pylon  
  15  1:28  Pylon  
  15  1:30  Probe (Chrono Boost)  
  16  1:43  Probe (Chrono Boost)  
  16  1:44  Forge  
  17  1:56  Probe (Chrono Boost)  
  18  2:08  Probe (Chrono Boost)  
  18  2:11  Assimilator  
  19  2:20  Probe (Chrono Boost)  
  20  2:32  Probe (Chrono Boost)  
  20  2:37  Protoss Shields Level 1  
  21  2:43  Gateway  
  21  2:44  Probe (Chrono Boost)  
  22  2:54  Pylon  
  22  3:04  Pylon  
  22  3:19  Probe (Chrono Boost)  
  23  3:30  Solar Efficiency Level 1  
  23  3:33  Probe (Chrono Boost)  
  24  3:48  Probe (Chrono Boost)  
  25  3:58  Cybernetics Core  
  25  4:00  Photon Cannon  
  25  4:03  Probe (Chrono Boost)  
  26  4:16  Probe (Chrono Boost)  
  27  4:26  Photon Cannon  
  27  4:28  Probe (Chrono Boost)  
  28  4:45  Warp Gate  
  28  5:10  Photon Cannon  
  28  5:16  Photon Cannon  
  28  5:32  Twilight Council  
  28  5:35  Sentinel  
  28  5:39  Probe (Chrono Boost)  
  29  5:49  Solar Efficiency Level 2  
  31  5:58  Photon Cannon  
  31  6:07  Sentinel  
  31  6:10  Shield Battery  
  33  6:57  Sentinel  
  31  7:34  Reconstruction  
  31  7:36  Probe (Chrono Boost)  
  32  7:51  Probe (Chrono Boost)  
  33  8:06  Probe (Chrono Boost)  
  34  8:21  Probe (Chrono Boost)  
  35  8:46  Photon Cannon  
  35  8:48  Photon Cannon  
  35  8:50  Photon Cannon  
  35  9:17  Sentinel  
  35  9:29  Protoss Shields Level 2  
  35  9:30  Charge  
  35  9:39  Shield Battery  
  35  9:49  Probe (Chrono Boost)  
  36  9:53  Unknown  
  36  10:03  Probe (Chrono Boost)  
  37  10:18  Probe (Chrono Boost)  
  38  10:21  Gateway  
  38  10:23  Gateway  
  38  10:36  Pylon  
  38  10:46  Pylon  
  38  10:54  Pylon  
  38  10:59  Pylon  
  25  11:14  Probe (Chrono Boost)  
  25  11:24  Photon Cannon x2  
  25  11:29  Probe (Chrono Boost)  
  26  11:33  Khaydarin Monolith  
  26  11:37  Photon Cannon  
  26  11:40  Pylon  
  26  11:42  Photon Cannon  
  26  11:45  Shield Battery  
  26  12:31  Photon Cannon x2  
  26  12:49  Photon Cannon  
  26  12:52  Photon Cannon  
  26  12:54  Photon Cannon  
  26  12:59  Probe (Chrono Boost)  
  27  13:14  Probe (Chrono Boost)  
  27  13:18  Protoss Ground Weapons Level 1  
  28  13:23  Photon Cannon  
  29  13:30  Probe (Chrono Boost)  
  29  13:44  Probe (Chrono Boost)  
  30  14:17  Pylon  
  30  14:20  Photon Cannon  
  30  15:00  Photon Cannon  
  30  15:09  Shield Battery  
  30  15:13  Pylon  
  30  15:15  Photon Cannon  
  30  15:17  Photon Cannon  
  30  15:20  Photon Cannon  
  30  15:23  Photon Cannon  
  30  15:56  Unknown  
  36  16:00  Nexus  
  36  16:48  Pylon  
  36  16:56  Photon Cannon  
  36  16:57  Photon Cannon  
  36  17:25  Unknown  
  36  17:30  Rapid Recharging  
  36  17:35  Photon Cannon  
  36  17:38  Photon Cannon  
  36  17:41  Shield Battery  
  36  17:44  Photon Cannon  
  35  19:20  Photon Cannon  
Show
View Real Time Build Order
Export as new Build Order

Celsoelperro Protoss 

Build Orders:  

Get SALT Encoding   

  12  0:01  Probe (Chrono Boost)  
  13  0:13  Unknown, Probe (Chrono Boost)  
  14  0:27  Pylon  
  14  0:46  Probe (Chrono Boost)  
  15  1:05  Forge  
  15  1:08  Assimilator  
  15  1:16  Assimilator  
  15  1:23  Probe (Chrono Boost)  
  15  1:24  Gateway  
  16  2:18  Probe (Chrono Boost)  
  16  2:19  Dark Pylon  
  17  2:31  Probe (Chrono Boost)  
  17  2:36  Cybernetics Core  
  17  2:37  Gateway  
  18  2:43  Probe (Chrono Boost)  
  18  2:45  Gateway  
  19  2:50  Protoss Ground Weapons Level 1  
  19  2:55  Probe (Chrono Boost)  
  20  3:07  Probe (Chrono Boost)  
  21  3:10  Centurion  
  21  3:19  Probe (Chrono Boost)  
  23  3:29  Dark Pylon  
  24  3:31  Probe (Chrono Boost)  
  25  3:48  Warp Gate  
  25  4:06  Twilight Council  
  25  4:11  Gateway  
  25  4:14  Gateway x2  
  25  4:19  Gateway  
  25  4:43  Protoss Ground Armor Level 1  
  25  4:59  Shadow Charge  
  25  5:17  Centurion x2  
  29  5:23  Centurion  
  31  5:44  Dark Shrine  
  31  5:48  Darkcoil  
  31  5:52  Gateway  
  31  6:00  Stalker  
  33  6:11  Centurion  
  35  6:20  Protoss Air Weapons Level 1  
  35  6:37  Protoss Shields Level 1  
  33  6:58  Dark Pylon  
  33  7:10  Blink  
  33  7:22  Photon Cannon  
  33  7:23  Photon Cannon  
  33  7:25  Photon Cannon  
  33  7:28  Photon Cannon  
  33  7:34  Photon Cannon  
  33  7:45  Dark Templar  
  33  7:49  Centurion  
  31  8:30  Centurion x5  
  41  9:56  Unknown  
  41  10:09  Assimilator  
  41  10:12  Assimilator  
  41  10:24  Dark Archon  
  45  10:37  Pylon  
  45  10:39  Pylon  
  45  10:41  Pylon  
  45  10:42  Pylon  
  45  10:45  Pylon  
  45  11:45  Nexus  
  45  12:04  Protoss Ground Weapons Level 2  
  45  12:32  Protoss Air Weapons Level 2  
  45  12:36  Dark Pylon  
  45  12:38  Shadow Fury  
  45  12:42  Centurion  
  45  12:43  Centurion x3  
  45  12:44  Centurion x3  
  45  12:45  Centurion  
  61  13:15  Pylon  
  61  13:17  Pylon  
  55  14:19  Protoss Ground Armor Level 2  
  55  14:27  Dark Templar Blink  
  55  14:44  Photon Cannon  
  55  14:47  Photon Cannon x2  
  55  14:51  Photon Cannon x2  
  55  14:54  Photon Cannon  
  54  15:22  Protoss Air Armor Level 1  
  54  15:25  Centurion  
  52  15:41  Void Stasis  
  52  15:42  Dark Pylon  
  52  15:46  Centurion x4  
  52  15:47  Centurion x3  
  46  16:12  Dark Archon x2  
  36  17:33  Probe (Chrono Boost)  
  37  17:46  Probe (Chrono Boost)  
  38  17:56  Dark Pylon  
  38  17:58  Probe (Chrono Boost)  
  39  18:10  Probe (Chrono Boost)  
  39  18:11  Centurion x3  
  39  18:12  Centurion x5  
  56  18:22  Probe (Chrono Boost)  
  57  18:47  Stalker  
  59  19:33  Dark Templar  
  59  19:34  Dark Templar  
  59  19:35  Dark Templar x4  
Tags
 
Add a new tag
Caveats
  • Supply blocks, unpowered buildings, or Contaminate may cause inaccurate times.
  • Supply counts are checked every 10 seconds.